 Dungeon Crawl Stone Soup version 0.26-a0-660-gc07710193c (webtiles) character file.

Game seed: 11600681723246896982

27 smeego the Shield-Bearer (level 3, -7/26 HPs)
             Began as an Octopode Fighter on Oct 7, 2020.
             Killed from afar by an orc wizard (8 damage)
             ... with a puff of frost
             ... on level 1 of the Dungeon.
             The game lasted 00:01:12 (1207 turns).

smeego the Shield-Bearer (Octopode Fighter)         Turns: 1207, Time: 00:01:12

Health: -7/26      AC:  1    Str: 15    XL:     3   Next: 10%
Magic:  9/12       EV: 12    Int: 11    God:
Gold:   57         SH:  9    Dex: 17    Spells: 2/2 levels left

rFire    . . .     SeeInvis .   a - +0 long sword
rCold    . . .     Faith    .   b - +0 kite shield
rNeg     . . .     Spirit   .   (helmet restricted)
rPois    .         Reflect  .   (no amulet)
rElec    .         Harm     .   e - ring of magical power
rCorr    .         Rampage  .   m - +6 ring of dexterity
MR       .....                  (no ring)
Stlth    +++.......             (no ring)
HPRegen  0.08/turn              (no ring)
MPRegen  0.13/turn              (no ring)
                                (no ring)
                                (no ring)

@: hasted, very quick
A: almost no armour, stealthy swim, amphibious, 8 rings, constrict 8, camouflage
1, gelatinous body 1
a: no special abilities


You were on level 1 of the Dungeon.
You visited 1 branch of the dungeon, and saw 2 of its levels.

You collected 57 gold pieces.

Inventory:

Hand Weapons
 a - a +0 long sword (weapon)
Missiles
 h - 4 atropa-tipped darts (quivered)
Armour
 b - a +0 kite shield (worn)
Jewellery
 e - a ring of magical power (left tentacle)
 m - a +6 ring of dexterity (right tentacle)
Scrolls
 d - 3 scrolls of identify {unknown}
 f - 4 scrolls of remove curse {unknown}
 g - a scroll of enchant weapon {unknown}
 k - a scroll of blinking {unknown}
 l - a scroll of teleportation {unknown}
Potions
 c - a potion of might


   Skills:
 + Level 3.1 Fighting
 * Level 2.5 Long Blades
 + Level 0.5 Throwing
 + Level 3.1 Dodging
 + Level 0.9 Stealth
 + Level 3.1 Shields
 + Level 0.6 Unarmed Combat


You had 2 spell levels left.
You didn't know any spells.
Your spell library was empty.

Dungeon Overview and Level Annotations

Branches:
Dungeon (2/15)

Altars:
Xom


Innate Abilities, Weirdness & Mutations

You cannot wear most types of armour.
You are very stealthy in the water. (Stealth+)
You are amphibious.
You can wear up to eight rings at the same time.
You can use your tentacles to constrict eight enemies at once.
Your skin changes colour to match your surroundings (Stealth+).
Your rubbery body absorbs attacks. (AC +1, EV +1)


Message History

It was a potion of heal wounds.
You feel much better. Something hits you. x2
You completely miss something. Something hits you. x2
You hit something. You squeeze something!
You hear some strange, mumbled words.
A puff of frost appears from out of thin air!
The puff of frost misses you.
You hear some strange, mumbled words.
A puff of frost appears from out of thin air!
The puff of frost hits you!
* * * LOW HITPOINT WARNING * * *
It was a potion of haste.
You feel yourself speed up.
You hear some strange, mumbled words.
A puff of frost appears from out of thin air!
The puff of frost misses you.
You miss something. Something hits you.
* * * LOW HITPOINT WARNING * * *
You hear some strange, mumbled words.
A puff of frost appears from out of thin air!
The puff of frost hits you!
You die...

### #.##### #.....#
#.###.# #.#
#.################## #.#
#.#>................ #.#
#.#........[......## #.#
#.#{########......# #.#
#.#@#.....######..# #.#
#.#.#.............#
##.###.#.#####.#####...#
#............#.........#
######.....#.######....#
###.#.#.# #......#
#.....#.# #......#
#.#.###.####......#
#.#...............##


There were no monsters in sight!

Vanquished Creatures
  An adder (D:2)
  A giant cockroach (D:1)
  3 goblins
  3 hobgoblins
  A quokka (D:2)
  5 bats
  A frilled lizard (D:1)
  3 rats
18 creatures vanquished.

Notes
Turn   | Place    | Note
-------+----------+-------------------------------------------
     0 | D:1      | smeego the Octopode Fighter began the quest for the Orb.
     0 | D:1      | Reached XP level 1. HP: 16/16 MP: 1/1
   555 | D:1      | You fall into a shaft and drop 1 floor!
   693 | D:1      | Reached XP level 2. HP: 21/21 MP: 2/2
  1144 | D:2      | Reached XP level 3. HP: 26/26 MP: 3/3
  1172 | D:2      | Noticed an orc warrior
  1187 | D:2      | Found a shimmering altar of Xom.
  1207 | D:1      | HP: 1/26 [something (6)]
  1207 | D:1      | Killed from afar by an orc wizard

Illustrated notes

Levels and vault maps discovered:
D:1:      minmay_arrival_shattered_statue, layout_basic
D:2:      layout_rooms, xom_redecorated

Action                   || total
-------------------------++-------
Melee: Long sword        ||    36
       Constrict         ||    10
       Tentacles         ||     8
  Use: Potion            ||     2
 Stab: Sleeping          ||     3
Armor: Skin              ||     3
Dodge: Dodged            ||    15
Block: Kite shield       ||    16
       Rpst.: Long sword ||     3

Table legend: (Time is in decaauts)
 A = Elapsed time spent in this place.
 B = Non-inter-level travel time spent in this place.
 C = Inter-level travel time spent in this place.
 D = Time resting spent in this place.
 E = Time spent auto-exploring this place.
 F = Levels seen in this place.
 G = Mean time per level.
                   A        B        C        D        E       F      G
               +--------+--------+--------+--------+--------+-----+--------+
         Total |   1220 |   1186 |     34 |    177 |    862 |   2 |  610.0 |
       Dungeon |   1220 |   1186 |     34 |    177 |    862 |   2 |  610.0 |
               +--------+--------+--------+--------+--------+-----+--------+

Top non-repeatable levels by time:
     D:1: 1089 daAuts
     D:2: 130 daAuts
